 Dungeon Crawl Stone Soup version 0.30-a0-800-g7c544603b3 (webtiles) character file.

Game seed: 1024921647824549055

211006 dolemite99 the Warrior (level 19, 0/116 HPs)
             Began as a Djinni Conjurer on Feb 22, 2023.
             Was the Champion of Okawaru.
             Killed from afar by a starcursed mass (8 damage)
             ... with an accursed screaming
             ... on level 3 of the Abyss.
             The game lasted 01:43:48 (56554 turns).

dolemite99 the Warrior (Djinni Conjurer)           Turns: 56554, Time: 01:43:48

Health: 0/116      AC: 22    Str:  2      XL:     19   Next: 59%
Gold:   949        EV:  8    Int: 26 (27) God:    Okawaru [******] SH: 12 Dex: 11

rFire   + + .      SeeInvis .    a - staff of conjuration
rCold   + . .      Faith    .    I - +0 kite shield
rNeg    . . .      Spirit   .    s - +5 ring mail {rC+}
rPois   ∞          Reflect  .    S - +2 helmet
rElec   .          Harm     .    M - +1 cloak "Yreqie Pimo" {rC+}
rCorr   .          Rampage  .    p - +2 pair of gloves
Will    +....      Rage     9%   (boots unavailable)
Stlth   ++                       w - amulet of regeneration
HPRegen 1.19/turn                h - ring of wizardry
MPRegen 0.00/turn                T - +4 ring of protection {=R}

@: flying
A: sickness immunity, fire resistance 2, cold vulnerability 1, float, innate
caster, HP casting, extra vitality 1, [berserk 2], [clumsy 1], [deformed body],
[deterioration 1], [frail 2], [weak 2], [subdued magic 3], [inability to drink
after injury 1]
}: 1/15 runes: decaying
a: Renounce Religion, Heroism, Finesse, Duel


You were on level 3 of the Abyss.
You worshipped Okawaru.
Okawaru was exalted by your worship.
You visited 6 branches of the dungeon, and saw 30 of its levels.
You visited the Abyss 2 times.

You collected 2908 gold pieces.
You spent 1959 gold pieces at shops.

Inventory:

Hand Weapons
 b - a +5 rapier of venom
 K - the +4 sling of Mastery {flame, rC+ Dex+2}
   (You bought it in a shop on level 2 of the Orcish Mines)

   Dex:       It affects your dexterity (+2).
   rC:        It protects you from cold.
 P - a +3 heavy scimitar
 W - a +3 hand crossbow of freezing
Missiles
 d - 2 silver javelins
 o - 41 poisoned darts (quivered)
 D - 12 curare-tipped darts
 G - 3 throwing nets
 U - 3 javelins
Armour
 l - a +3 buckler of positive energy
 p - a +2 pair of gloves (worn)
 s - a +5 ring mail of cold resistance (worn)
 u - a +2 cloak
 I - a +0 kite shield (worn)
 M - the +1 cloak "Yreqie Pimo" (worn) {rC+}
   (Okawaru gifted it to you on level 1 of the Elven Halls)

   rC:        It protects you from cold.
 S - a +2 helmet (worn)
Magical Staves
 a - a staff of conjuration (weapon)
 E - a staff of air
 F - a staff of fire
 V - a staff of fire
Jewellery
 h - a ring of wizardry (left hand)
 j - a ring of fire
 r - a ring of resist corrosion
 w - an amulet of regeneration (around neck)
 y - a ring of protection from fire
 A - a ring of wizardry
 B - a ring of protection from cold
 N - a +6 ring of strength
 T - a +4 ring of protection (right hand) {=R}
 X - a +6 ring of intelligence
Wands
 c - a wand of paralysis (26)
 n - a wand of flame (47)
 H - a wand of iceblast (1)
 R - a wand of mindburst (20)
 Y - a wand of digging (14)
Scrolls
 i - 2 scrolls of silence
 m - 5 scrolls of teleportation
 t - a scroll of fog
 v - a scroll of magic mapping
 x - 17 scrolls of identify {@r1}
 Q - a scroll of poison
Potions
 f - a potion of brilliance
 k - 5 potions of attraction
 q - 4 potions of might
 z - 2 potions of cancellation
 C - 3 potions of berserk rage
 J - 9 potions of curing
 L - 3 potions of lignification
 O - a potion of resistance
Miscellaneous
 e - a condenser vane
 g - a lightning rod (4/4)
 Z - a phial of floods (inert)


   Skills:
 - Level 16.3 Fighting
 - Level 8.7 Short Blades
 - Level 9.3 Armour
 - Level 11.5 Dodging
 - Level 6.6 Stealth
 + Level 13.5 Shields
 - Level 14.9 Spellcasting
 - Level 9.0 Invocations
 - Level 8.5 Evocations


You knew the following spells:

 Your Spells              Type           Power      Damage    Failure   Level
a - Iskenderun's Mystic   Conj/Tloc      67%        2d14      1%          4
b - Iron Shot             Conj/Erth      33%        9d7       2%          6
c - Poisonous Vapours     Pois/Air       100%       N/A       0%          2
d - Fulminant Prism       Conj/Hex       33%        3d15      1%          4
e - Magic Dart            Conj           100%       1d8       0%          1
f - Beastly Appendage     Tmut           100%       N/A       0%          1
g - Dazzling Flash        Conj/Hex       100%       N/A       1%          3
h - Vhi's Electric Charg  Tloc/Air       100%       N/A       1%          3
i - Teleport Other        Tloc           50%        N/A       1%          3
j - Silence               Hex/Air        25%        N/A       1%          5
k - Summon Mana Viper     Hex/Summ       50%        N/A       1%          5
l - Searing Ray           Conj           100%       2d8       0%          2
m - Orb of Destruction    Conj           33%        9d10      19%         7
n - Enfeeble              Hex            25%        N/A       19%         7
Your spell library was empty.

Dungeon Overview and Level Annotations

Branches:
Dungeon (15/15)            Temple (0/1) D:6            Lair (5/5) D:10
  Swamp (4/4) Lair:2       Spider (1/4) Lair:3        Slime (0/5) Lair:4
    Orc (2/2) D:10            Elf (3/3) Orc:2        Vaults (0/5) D:14
 Depths (0/4) D:15

Altars:
Cheibriados
Dithmenos
Fedhas
Gozag
Makhleb
Okawaru
Qazlal
Uskayaw
Wu Jian
Xom
The Shining One

Shops:
D:4 *?*:   D:6 !   D:11 (   D:14 *   Orc:1 *(?=   Orc:2 [[*(:   Elf:3 =

Annotations:
D:7 exclusion: downstairs
Lair:4 1 runed translucent door
Spider:1 Nikola, Rupert
Elf:2 3 runed translucent doors


Innate Abilities, Weirdness & Mutations

You are immune to sickness and miasma.
You are immune to poison.
Your flesh is very heat resistant. (rF++)
You are vulnerable to cold. (rC-)
You float through the air rather than walking.
You learn spells naturally, not from books.
Your magical power is your life essence.
You have superior vitality. (+4 MHP)
[You have an uncontrollable temper.]
[You are clumsy. (Dex -2)]
[Armour fits poorly on your strangely shaped body.]
[Your body sometimes deteriorates upon taking damage.]
[You are very frail. (-20% HP)]
[You are very weak. (Str -4)]
[Your spells are much easier to cast, but much less powerful.]
[You occasionally lose the ability to drink potions when taking damage.]


Message History

The iron shot hits the starcursed mass!!
The starcursed mass is severely damaged.
* * * LOW HITPOINT WARNING * * *
The starcursed mass shudders and is absorbed by its neighbour.
The starcursed mass shrieks in your mind.
* * * LOW HITPOINT WARNING * * *
Casting: Iron Shot (dangerous; 2% risk of failure)
Confirm with . or Enter, or press ? or * to list all spells.
You can't see any susceptible monsters within range! (Use Z to cast anyway.)
A starcursed mass splits.
You can drink potions again.
Casting: Iron Shot (dangerous; 2% risk of failure)
Confirm with . or Enter, or press ? or * to list all spells.
Aiming: Iron Shot (dangerous; 2% risk of failure)
Press: ? - help, Shift-Dir - straight line, f - starcursed mass
Aim: a starcursed mass (heavily damaged, 100% to hit)
You feel a surge of power!
The iron shot hits the starcursed mass!!
The starcursed mass is almost destroyed.
* * * LOW HITPOINT WARNING * * *
The starcursed mass shudders and withdraws towards its neighbour.
Casting: Iron Shot (dangerous; 2% risk of failure)
Confirm with . or Enter, or press ? or * to list all spells.
Aiming: Iron Shot (dangerous; 2% risk of failure)
Press: ? - help, Shift-Dir - straight line, f/p - starcursed mass
Aim: a starcursed mass (almost destroyed, 100% to hit)
You feel a surge of power!
The iron shot hits the starcursed mass!!
The starcursed mass is almost destroyed.
* * * LOW HITPOINT WARNING * * *
The starcursed mass shudders and is absorbed by its neighbour.
A starcursed mass splits.
A starcursed mass comes into view.
You can read scrolls again.
A chorus of shrieks assaults your mind.
* * * LOW HITPOINT WARNING * * *
The starcursed mass shrieks in your mind.
* * * LOW HITPOINT WARNING * * *
The starcursed mass shrieks in your mind.
You die...

#.#.......
##.......##.
#.##..#..#.# #. ##
#..###.### #.#.
##..#..... #. #
..####..X.# . #.##
.##..##.X#....# ##
#.... .#....####..# #.
#.... ####..@....#
#...#.#.....#####...##
.# # .#.#.# . ....# #.
.. .. #.....#..### ..#
... #.. .#.###.. ..###
..# # .## ##.. #.#
#.#. . #. #.# .. .#
##.. # ...#.....


You could see a starcursed mass.

Vanquished Creatures
  4 deep elf blademasters (Elf:3)
  Gastronok (Lair:3)
  2 tentacled starspawn (Abyss:3)
  A thorn hunter (Swamp:3)
  Roxanne (Spider:1)
  2 deep elf elementalists
  6 deep elf sorcerers
  An orc warlord (Orc:2)
  5 deep elf annihilators (Elf:3)
  Azrael (Orc:2)
  Nessos (Orc:1)
  6 deep elf demonologists (Elf:3)
  5 eleionomae
  6 bunyips
  A spark wasp (Lair:3)
  An ettin (Orc:1)
  Snorg (D:12)
  5 deep elf death magi
  4 shambling mangroves
  2 deep elf high priests
  Erolcha (D:13)
  The ghost of Palms the Fighter, a journeyman DsBr of Vehumet (Lair:2)
  A great orb of eyes (Abyss:3)
  23 hydras
  Harold (D:9)
  2 ice dragons (D:15)
  A spriggan skeleton (Abyss:3)
  4 vault guards (D:14)
  3 two-headed ogres
  27 dancing weapons
  2 boulder beetles
  9 alligators
  An alligator (shapeshifter) (D:15)
  A tengu warrior (D:15)
  5 centaur warriors
  8 death yaks
  2 spriggan berserkers (Swamp:3)
  4 orc high priests (Orc:2)
  4 skysharks
  16 spriggans
  Sonja (Lair:3)
  6 deep elf knights
  3 wretched stars (Abyss:3)
  4 goliath frogs
  A sun moth (Lair:3)
  11 swamp dragons
  6 deep elf archers
  2 wizards (D:14)
  6 spriggan druids
  2 glowing orange brains (Abyss:3)
  2 bog bodies (Swamp:1)
  11 deep elf zephyrmancers
  3 orc knights (Orc:2)
  15 deep elf pyromancers
  A mana viper (shapeshifter) (D:14)
  15 ugly things
  4 orc sorcerers (Orc:2)
  2 wolf spiders
  A will-o-the-wisp (Swamp:4)
  6 cyclopes
  Maurice (Orc:2)
  3 manticores
  A worldbinder (Abyss:3)
  4 black mambas
  25 elephants
  25 cane toads
  A demonic crawler (Abyss:3)
  A rust devil (Abyss:3)
  A torpor snail (Spider:1)
  A rime drake (Lair:5)
  A yaktaur (shapeshifter) (Elf:2)
  2 unseen horrors
  A kobold demonologist (Abyss:3)
  2 komodo dragons
  2 tengu conjurers
  2 ancient zymes (Abyss:3)
  A meliai (D:14)
  2 bloated husks (Swamp:1)
  A polar bear (Lair:5)
  7 trolls
  10 tyrant leeches
  22 hornets
  27 blink frogs
  A culicivora (Spider:1)
  3 flying skulls (Abyss:3)
  A shadow (D:11)
  6 air elementals
  A slime creature (D:14)
  2 water elementals
  2 wraiths (D:11)
  29 yaks
  2 jumping spiders (Lair:3)
  2 wyverns
  5 basilisks
  6 fire elementals
  A steam dragon (shapeshifter) (D:13)
  2 steam dragons
  5 redbacks (Spider:1)
  2 neqoxecs (Abyss:3)
  18 swamp worms
  14 vampire mosquitoes
  A warg (Orc:1)
  A naga zombie (Abyss:3)
  A swamp worm (shapeshifter) (D:14)
  3 large abominations (Abyss:3)
  8 water moccasins
  A hell hound (Abyss:3)
  37 orc warriors
  10 swamp drakes
  A sky beast (D:6)
  5 black bears
  2 ogres (Orc:2)
  2 phantoms
  6 centaurs
  3 wolves (D:10)
  7 kobold brigands
  20 bullfrogs
  A necrophage (D:8)
  A gnoll sergeant (D:12)
  4 earth elementals
  A naga simulacrum (Abyss:3)
  3 scorpions
  A small abomination (Abyss:3)
  10 wights
  8 killer bees
  3 howler monkeys
  6 electric eels
  29 orc priests
  8 hounds
  2 gnoll boudas
  5 jellies
  4 iguanas
  41 orc wizards
  Robin (D:2)
  9 adders
  17 gnolls
  2 white imps
  An ufetubus (D:5)
  2 worms
  2 dart slugs
  82 orcs
  10 endoplasms
  15 goblins
  5 hobgoblins (D:2)
  2 quokkas
  7 ball pythons
  7 bats
  A frilled lizard (D:2)
  35 kobolds
  4 rats
  2 butterflies (Lair:4)
958 creatures vanquished.

Vanquished Creatures (others)
  A raiju (Abyss:3)
  An orc priest (Orc:2)
  An orc (Orc:2)
  A bush (Lair:5)
  3 demonic plants (D:14)
  9 foxfires (Swamp:4)
  266 fulminant prisms
  37 fungi
  142 plants
  2 starspawn tentacles (Abyss:3)
463 creatures vanquished.

Grand Total: 1421 creatures vanquished

Notes
Turn   | Place    | Note
-------+----------+-------------------------------------------
     0 | D:1      | dolemite99 the Djinni Conjurer began the quest for the Orb.
     0 | D:1      | dolemite99 set off with the following spells memorised:
                  | Magic Dart, Searing Ray, Dazzling Flash, Fulminant Prism,
                  | Iskenderun's Mystic Blast.
     0 | D:1      | Reached XP level 1. HP: 15/15 MP: 0/0
   227 | D:1      | Reached XP level 2. HP: 20/21 MP: 0/0
   436 | D:1      | Reached XP level 3. HP: 14/25 MP: 0/0
   436 | D:1      | Learned a level 1 spell: Beastly Appendage
   895 | D:2      | Reached XP level 4. HP: 23/31 MP: 0/0
   933 | D:2      | Found a faded altar of an unknown god.
   975 | D:2      | Prayed at the altar of an unknown god.
   975 | D:2      | Became a worshipper of Warmaster Okawaru
   975 | D:2      | Reached * piety under Okawaru
  1367 | D:2      | Reached XP level 5. HP: 34/35 MP: 0/0
  1367 | D:2      | Learned a level 2 spell: Poisonous Vapours
  1590 | D:2      | Noticed Robin
  1611 | D:2      | Killed Robin
  1963 | D:3      | Found a burning altar of Makhleb.
  2105 | D:3      | Reached skill level 5 in Spellcasting
  2163 | D:3      | Found a shadowy altar of Dithmenos.
  2520 | D:3      | Found an ornate altar of the Wu Jian Council.
  2841 | D:4      | Reached skill level 1 in Fighting
  2851 | D:3      | Reached XP level 6. HP: 21/42 MP: 0/0
  3105 | D:4      | Reached skill level 2 in Fighting
  3204 | D:4      | Found Wedy's Book Shoppe.
  3230 | D:4      | Found Rauni's Magic Scroll Shop.
  3238 | D:4      | Bought a scroll of teleportation for 42 gold pieces
  3238 | D:4      | Bought a scroll of blinking for 105 gold pieces
  3242 | D:4      | Found Hujoschyra's Assorted Antiques.
  3266 | D:4      | Reached skill level 3 in Fighting
  3450 | D:4      | Noticed a black bear
  3459 | D:4      | Killed a black bear
  3459 | D:4      | Reached ** piety under Okawaru
  3460 | D:4      | Reached XP level 7. HP: 43/51 MP: 0/0
  3460 | D:4      | Learned a level 3 spell: Vhi's Electric Charge
  3463 | D:4      | Reached skill level 4 in Fighting
  3622 | D:4      | Found Pota's Assorted Antiques.
  3839 | D:5      | Entered Level 5 of the Dungeon
  4364 | D:5      | Reached skill level 5 in Fighting
  4364 | D:5      | Reached XP level 8. HP: 51/59 MP: 0/0
  4678 | D:5      | Found an opulent altar of Gozag.
  4795 | D:5      | Found a snail-covered altar of Cheibriados.
  4921 | D:6      | Reached *** piety under Okawaru
  4922 | D:6      | Reached skill level 6 in Fighting
  5089 | D:6      | Found Kaem's Distillery.
  5095 | D:6      | Bought a potion of curing for 36 gold pieces
  5095 | D:6      | Bought a potion of curing for 36 gold pieces
  5381 | D:6      | Reached skill level 7 in Fighting
  5427 | D:6      | Found a blossoming altar of Fedhas.
  5460 | D:6      | Found a staircase to the Ecumenical Temple.
  5476 | D:6      | Reached XP level 9. HP: 60/68 MP: 0/0
  5476 | D:6      | Learned a level 3 spell: Teleport Other
  5811 | D:6      | Reached **** piety under Okawaru
  5812 | D:6      | Reached skill level 8 in Fighting
  6389 | D:4      | Bought a scroll of teleportation for 42 gold pieces
  6389 | D:4      | Bought a scroll of identify for 28 gold pieces
  6639 | D:7      | Reached skill level 1 in Short Blades
  6793 | D:7      | Identified the +2 robe "Junwifi" {Drain rPois Dex+6}
  7918 | D:4      | Bought a scroll of teleportation for 84 gold pieces
  8080 | D:8      | Found a hide-covered altar of Uskayaw.
  8711 | D:8      | Reached XP level 10. HP: 49/77 MP: 0/0
  8975 | D:8      | Reached skill level 5 in Short Blades
  9055 | D:8      | Identified the +2 ring mail of Cuihes {rF+}
  9202 | D:4      | Bought a scroll labelled FEMMAICKUI for 30 gold pieces
  9375 | D:8      | Found a glowing golden altar of the Shining One.
  9752 | D:4      | Bought a scroll labelled TYCRUB NUHUOPT for 30 gold pieces
 10143 | D:9      | Identified a scroll of acquirement
 10143 | D:9      | Acquired a manual of Spellcasting
 10475 | D:9      | Reached skill level 9 in Fighting
 10885 | D:9      | Paralysed by a kobold brigand for 2 turns
 10920 | D:9      | Noticed Harold
 10943 | D:9      | Reached ***** piety under Okawaru
 10946 | D:9      | Killed Harold
 10975 | D:9      | Reached skill level 10 in Fighting
 11320 | D:9      | Found a stormy altar of Qazlal.
 11620 | D:10     | Entered Level 10 of the Dungeon
 11651 | D:10     | Received a gift from Okawaru
 11652 | D:10     | Reached XP level 11. HP: 70/85 MP: 0/0
 11652 | D:10     | Learned a level 5 spell: Silence
 11938 | D:10     | Identified the +5 ring mail "Pikhes" {rF++} (Okawaru gifted
                  | it to you on level 10 of the Dungeon)
 11938 | D:10     | Received a gift from Okawaru
 12220 | D:10     | Found a staircase to the Lair.
 12406 | D:10     | Identified the +1 scale mail "Donumoed" {rN+ Regen+ Str-2
                  | Stlth+}
 12489 | D:10     | Reached skill level 10 in Spellcasting
 12590 | D:10     | Noticed a two-headed ogre
 12620 | D:10     | Killed a two-headed ogre
 12621 | D:10     | Reached skill level 11 in Fighting
 12813 | D:10     | Found a shimmering altar of Xom.
 13408 | D:10     | Found a staircase to the Orcish Mines.
 13974 | D:11     | Found Ulufoz's Weapon Emporium.
 14043 | Lair:1   | Entered Level 1 of the Lair of Beasts
 14241 | Lair:1   | Reached skill level 5 in Dodging
 14270 | Lair:1   | Noticed an elephant
 14276 | Lair:1   | Noticed an elephant
 14277 | Lair:1   | Noticed an elephant
 14277 | Lair:1   | Noticed an elephant
 14278 | Lair:1   | Noticed an elephant
 14303 | Lair:1   | Reached XP level 12. HP: 55/94 MP: 0/0
 15552 | Lair:1   | Reached ****** piety under Okawaru
 15554 | Lair:1   | Reached skill level 10 in Dodging
 16024 | Lair:1   | Received a gift from Okawaru
 16469 | Lair:2   | Reached skill level 1 in Shields
 16857 | Lair:2   | Found a runed translucent gate.
 16858 | Lair:2   | Found a runed translucent gate.
 16859 | Lair:2   | Found a runed translucent gate.
 16859 | Lair:2   | Noticed a nine-headed hydra
 16859 | Lair:2   | Noticed Palms's ghost (journeyman DsBr)
 16859 | Lair:2   | Noticed a ten-headed hydra
 17241 | Lair:2   | Found a staircase to the Swamp.
 18161 | Lair:3   | Found a hole to the Spider Nest.
 18287 | Lair:3   | Noticed a skyshark
 18300 | Lair:3   | Killed a skyshark
 18380 | Lair:3   | Reached skill level 1 in Invocations
 18416 | Lair:3   | Noticed Sonja
 18422 | Lair:3   | Killed Sonja
 18590 | Lair:3   | Reached XP level 13. HP: 99/99 MP: 0/0
 18590 | Lair:3   | Learned a level 5 spell: Summon Mana Viper
 18630 | Lair:3   | Noticed a six-headed hydra
 18650 | Lair:3   | Killed a six-headed hydra
 18651 | Lair:3   | Reached skill level 5 in Invocations
 18692 | Lair:3   | Noticed Gastronok
 18716 | Lair:3   | Killed Gastronok
 20376 | Lair:4   | Reached skill level 1 in Armour
 20568 | Lair:4   | Identified the +1 storm dragon scales "Buopubip" {*Corrode
                  | rElec Int+3 Slay+2} (Okawaru gifted it to you on level 4 of
                  | the Lair of Beasts)
 20568 | Lair:4   | Received a gift from Okawaru
 20850 | Lair:4   | Noticed a seven-headed hydra
 20855 | Lair:4   | Killed a seven-headed hydra
 20987 | Lair:4   | Found a runed translucent door.
 20988 | Lair:4   | Found a staircase to the Slime Pits.
 21094 | Lair:4   | Reached skill level 5 in Armour
 21893 | Lair:5   | Entered Level 5 of the Lair of Beasts
 21966 | Lair:5   | Reached XP level 14. HP: 82/105 MP: 0/0
 22404 | Lair:5   | Received a gift from Okawaru
 23817 | Lair:5   | Identified the +3 crystal plate armour of Dim Light {Str+5
                  | Slay+3} (Okawaru gifted it to you on level 5 of the Lair of
                  | Beasts)
 23817 | Lair:5   | Received a gift from Okawaru
 24248 | Lair:5   | Reached skill level 12 in Fighting
 24682 | Lair:5   | Identified the +3 glaive of Psychosis {drain, rF+ rC+
                  | Will+}
 25221 | D:11     | You are sucked into a shaft and drop 3 floors!
 25905 | D:12     | Reached XP level 15. HP: 107/112 MP: 0/0
 25905 | D:12     | Learned a level 6 spell: Iron Shot
 26700 | Orc:1    | Entered Level 1 of the Orcish Mines
 26700 | Orc:1    | Found Quosadar's Antique Weapon Boutique.
 27497 | Orc:1    | Found Koreler's Magic Scroll Shoppe.
 27500 | Orc:1    | Bought a scroll of fear for 64 gold pieces
 27500 | Orc:1    | Bought 2 scrolls of enchant armour for 240 gold pieces
 27500 | Orc:1    | Bought a scroll of teleportation for 48 gold pieces
 27539 | Orc:1    | Found Ezimm's Assorted Antiques.
 27547 | Orc:1    | Bought a scroll labelled HUSCHO BY WETO for 18 gold pieces
 27614 | Orc:1    | Bought a potion of heal wounds for 90 gold pieces
 27614 | Orc:1    | Bought a potion of curing for 54 gold pieces
 27614 | Orc:1    | Bought a scroll of immolation for 72 gold pieces
 27614 | Orc:1    | Bought a scroll of fog for 72 gold pieces
 28692 | Orc:1    | Found Nemoyjuo's Jewellery Shop.
 28779 | Orc:2    | Entered Level 2 of the Orcish Mines
 28779 | Orc:2    | Noticed Maurice
 28785 | Orc:2    | Killed Maurice
 28788 | Orc:2    | Noticed Azrael
 28837 | Orc:2    | Noticed Nessos
 28837 | Orc:2    | Found Wautua's Armour Shoppe.
 29007 | Orc:1    | Killed Nessos
 29449 | Orc:2    | Found a staircase to the Elven Halls.
 29744 | Orc:2    | Killed Azrael
 30464 | Orc:2    | Noticed an orc warlord
 30480 | Orc:2    | Killed an orc warlord
 30833 | Orc:2    | Reached skill level 5 in Stealth
 31177 | Orc:2    | Paralysed by an orc sorcerer for 2 turns
 31181 | Orc:2    | Paralysed by an orc sorcerer for 3 turns
 31916 | Orc:2    | Found Biquetev's General Store.
 31917 | Orc:2    | Found Archowk's Book Shop.
 31919 | Orc:2    | Found Cuicw's Antique Armour Boutique.
 31919 | Orc:2    | Found Ilifauj's Antique Weapon Boutique.
 31938 | Orc:2    | Bought an ichor-stained sling for 240 gold pieces
 31938 | Orc:2    | Identified the +4 sling of Mastery {flame, rC+ Dex+2} (You
                  | bought it in a shop on level 2 of the Orcish Mines)
 31948 | Orc:2    | Bought a condenser vane for 480 gold pieces
 31948 | Orc:2    | Bought a potion of heal wounds for 60 gold pieces
 31948 | Orc:2    | Bought a scroll of teleportation for 36 gold pieces
 32275 | D:12     | Noticed Snorg
 32288 | D:12     | Killed Snorg
 32289 | D:12     | Reached skill level 13 in Fighting
 33255 | D:12     | Identified the +0 robe of the Forsaken Planets {rC+ Dex+3}
                  | (Okawaru gifted it to you on level 12 of the Dungeon)
 33255 | D:12     | Received a gift from Okawaru
 33966 | D:13     | Noticed Erolcha
 34050 | D:13     | Killed Erolcha
 34861 | D:14     | Reached XP level 16. HP: 118/121 MP: 0/0
 36076 | D:14     | Found a gate to the Vaults.
 36166 | D:14     | Found Hethuamm's General Store.
 36172 | D:14     | Bought a scroll of fog for 52 gold pieces
 36296 | D:15     | Entered Level 15 of the Dungeon
 37696 | D:15     | Found a staircase to the Depths.
 38195 | Lair:2   | Killed Palms's ghost
 38510 | Spider:1 | Entered Level 1 of the Spider Nest
 38643 | Spider:1 | Noticed Nikola
 38664 | Spider:1 | Noticed Roxanne
 38673 | Spider:1 | Killed Roxanne
 38710 | Spider:1 | Noticed Rupert
 38899 | Spider:1 | HP: 4/121 [Rupert/+2 executioner's axe of draining (15)]
 39226 | Swamp:1  | Entered Level 1 of the Swamp
 40670 | Swamp:2  | Reached XP level 17. HP: 91/128 MP: 0/0
 40670 | Swamp:2  | Learned a level 7 spell: Orb of Destruction
 40809 | Swamp:2  | Reached skill level 14 in Fighting
 41392 | Swamp:2  | Received a gift from Okawaru
 41746 | Swamp:2  | Identified the +1 sling "Xofaskac" {flame, Int+2}
 42016 | Swamp:3  | Reached skill level 15 in Fighting
 42957 | Swamp:3  | Noticed a thorn hunter
 42963 | Swamp:3  | Killed a thorn hunter
 43545 | Swamp:3  | Reached skill level 16 in Fighting
 43869 | Swamp:3  | Reached skill level 1 in Evocations
 44062 | Swamp:4  | Entered Level 4 of the Swamp
 44705 | Swamp:4  | Reached skill level 5 in Evocations
 45004 | Swamp:3  | Received a gift from Okawaru
 46902 | Swamp:4  | Reached XP level 18. HP: 128/139 MP: 0/0
 48157 | Swamp:4  | Got a decaying rune of Zot
 48459 | Elf:1    | Entered Level 1 of the Elven Halls
 48537 | Elf:1    | Paralysed by an air elemental for 1 turns
 49364 | Elf:1    | Paralysed by an air elemental for 1 turns
 49366 | Elf:1    | Paralysed by an air elemental for 1 turns
 49372 | Elf:1    | Paralysed by an air elemental for 1 turns
 50311 | Elf:1    | Reached skill level 5 in Shields
 50335 | Elf:1    | Identified the +1 cloak "Yreqie Pimo" {rC+} (Okawaru gifted
                  | it to you on level 1 of the Elven Halls)
 50335 | Elf:1    | Received a gift from Okawaru
 51576 | Elf:2    | Paralysed by an air elemental for 1 turns
 51967 | Elf:2    | Found a runed translucent gate.
 51968 | Elf:2    | Found a runed translucent gate.
 51968 | Elf:2    | Found a runed translucent gate.
 52156 | Elf:2    | Identified the +8 spear of Terror {freeze, rN++ rCorr Str+4
                  | Int-5}
 52251 | Elf:2    | Paralysed by an air elemental for 1 turns
 52469 | Elf:3    | Entered Level 3 of the Elven Halls
 52499 | Elf:3    | Found Nitacvac's Jewellery Emporium.
 52998 | Elf:3    | Paralysed by an air elemental for 1 turns
 53159 | Elf:3    | Reached skill level 10 in Shields
 53191 | Elf:3    | Noticed an Ice Fiend
 53224 | Elf:3    | Received a gift from Okawaru
 53561 | Elf:3    | Noticed an Executioner
 53562 | Elf:3    | Reached XP level 19. HP: 144/146 MP: 0/0
 53562 | Elf:3    | Learned a level 7 spell: Enfeeble
 54158 | Elf:3    | Noticed a deep elf blademaster
 54171 | Abyss:3  | Cast into level 3 of the Abyss (a deep elf sorcerer)
 54304 | Abyss:3  | Found a corrupted altar of Lugonu.
 54332 | Elf:3    | Escaped the Abyss
 54343 | Elf:3    | Killed a deep elf blademaster
 54739 | Elf:3    | Noticed a deep elf blademaster
 54742 | Elf:3    | Killed a deep elf blademaster
 55006 | Elf:3    | Noticed a deep elf blademaster
 55019 | Elf:3    | Killed a deep elf blademaster
 55082 | Elf:3    | Received a gift from Okawaru
 55229 | Elf:3    | Identified the +2 glaive of Scorn {spect, rC+ Str+4 Dex-4}
 55938 | Elf:3    | Noticed a deep elf blademaster
 55954 | Elf:3    | Killed a deep elf blademaster
 55978 | Elf:3    | Identified the +1 robe of Cierghec {rC+ Slay+3}
 55980 | Abyss:3  | Found a corrupted altar of Lugonu.
 55980 | Abyss:3  | Cast into level 3 of the Abyss (a deep elf sorcerer)
 56318 | Abyss:3  | Paralysed by a great orb of eyes for 5 turns
 56554 | Abyss:3  | Killed from afar by a starcursed mass

Illustrated notes

Levels and vault maps discovered:
D:1:      onia_arrival_mini_spirals, layout_rooms
D:2:      layout_loops_ring, basic_ecumenical_altar, minmay_box_of_dots,
          uniq_robin
D:3:      layout_loops_ring, mainiacjoe_overflow_concentric_impassable,
          lemuel_round_altar, grunt_dithmenos_smoke, minivault_23
D:4:      layout_loops_ring, serial_shops, shop, shop, nicolae_square_shop,
          nicolae_inconvenience_store, serial_bayou_pond_b
D:5:      layout_layer_cave, nicolae_gozag_seed_capital, lemuel_tele_altar
D:6:      layout_basic, mainiacjoe_overflow_24_doors, minmay_temple_entry_tees,
          serial_shops, shop
D:7:      layout_basic
D:8:      layout_loops_corners, lemuel_round_altar,
          eat_drink_and_be_merry_uskayaw, nicolae_fountain_basement
D:9:      layout_roguey, lemuel_round_altar, nicolae_water_bricks, uniq_harold
D:10:     layout_stronghold, mainiacjoe_overflow_alcove_1, erik_lair_island,
          david_orc_4, water_maze_lemuel
D:11:     layout_basic, kennysheep_minor_cross, nicolae_stop_n_shop_2,
          worms_lemuel
D:12:     layout_basic, nicolae_eternal_life, uniq_snorg
D:13:     layout_big_octagon, uniq_erolcha
D:14:     layout_long_grid, lightli_vaults_fourway_checkpoint,
          dreamdust_princess_corridor, serial_shops, nicolae_square_shop
D:15:     grunt_enter_depths_hoard, layout_loops_ring, dreamdust_wishing_well
Lair:1:   layout_big_grid, hangedman_lair_unloving_vines
Lair:2:   layout_layer_cave, nicolae_swamp_entry_splash_gauntlet,
          gammafunk_ghost_hydra_chop
Lair:3:   layout_hall_layers, spider_nest_entry_web_field, uniq_gastronok,
          uniq_sonja
Lair:4:   layout_roguey, slime_entry_2, grunt_megastairs_4, lemuel_fruit_fields
Lair:5:   minmay_lair_end_frog_pond, layout_regular_city,
          grunt_forest_small_clearing_treed
Swamp:1:  layout_basic_swamp, nicolae_swamp_bean_lake
Swamp:2:  layout_basic_swamp, nicolae_swamp_very_dense_foliage,
          infiniplex_staircase_pool_2
Swamp:3:  layout_falls_marsh, evilmike_swamp_ruin_house_3
Swamp:4:  swamp, layout_basic_swamp, swamp_pool5
Spider:1: layout_spider_delve, hangedman_spider_tarantella_strand, uniq_roxanne,
          uniq_rupert, uniq_nikola
Orc:1:    layout_caves, serial_shops, nicolae_shop_overgrown_old_shop, shop,
          nicolae_shop_statue_plus, nicolae_shop_behind_doors
Orc:2:    st_orc_congregation, layout_diamond_mine, serial_shops,
          nicolae_shop_waterfront, nicolae_orc_pool_cavern, uniq_maurice,
          uniq_azrael, uniq_nessos
Elf:1:    elf_arrival_001, layout_gridlike, hangedman_elven_crosses_minicolossus
Elf:2:    nicolae_elf_blades_crystal_corner, layout_geoelf_diagonals,
          uniq_saint_roka
Elf:3:    minmay_elf_hall_quartered_circle, layout_gridlike, serial_shops, shop,
          serial_sigils_hangedman_quiver
Abyss:3:  base: Lair:2, base: D:6, lemuel_flamethrower_2,
          evilmike_abyss_exit_13, base: Vaults:3, spicy_abyss_rude_harpoons,
          evilmike_abyss_rune_ettins, hangedman_abyss_mock_shop,
          grunt_abyss_rune_wretched_hive, grunt_abyss_rune_wretched_hive,
          guppyfry_abyss_exit_glass_guarded

Skill      XL: |  1  2  3  4  5  6  7  8  9 10 11 12 13 14 15 16 17 18 19 |
---------------+----------------------------------------------------------+-----
Spellcasting   | 4 5 6 7 9 10 11 12 14 | 14.9
Fighting       | 1 3 5 7 8 10 11 12 13 16 | 16.3
Short Blades   | 4 6 8 |  8.7
Dodging        | 7 10 11 | 11.5
Shields        | 4 10 13 | 13.5
Invocations    | 3 9 |  9.0
Armour         | 6 9 |  9.3
Stealth        | 6 |  6.6
Evocations     | 7 8 |  8.5

Action                     |  1- 3 |  4- 6 |  7- 9 | 10-12 | 13-15 | 16-18 | 19-21 || total
---------------------------+-------+-------+-------+-------+-------+-------+-------++-------
  Melee: Dagger            |     1 |    13 |    17 |    66 |       |       |       ||    97
         Staff             |       |       |     5 |       |       |       |    10 ||    15
         Rapier            |       |       |       |    36 |   293 |    69 |       ||   398
         Punch             |       |       |       |     1 |       |       |       ||     1
         Scimitar          |       |       |       |       |       |       |     5 ||     5
   Fire: Sling             |       |       |       |       |    44 |   101 |       ||   145
  Throw: Dart              |       |       |       |       |       |   116 |     5 ||   121
         Javelin           |       |       |       |       |       |     6 |       ||     6
   Cast: Magic Dart        |    22 |    67 |    58 |    65 |   138 |       |       ||   350
         Searing Ray       |     4 |    29 |    47 |    45 |    50 |     4 |       ||   179
         Dazzling Flash    |       |     2 |     1 |       |     5 |     1 |       ||     9
         Vhi's Electric Ch |       |       |     1 |     2 |     1 |     1 |       ||     5
         Fulminant Prism   |       |       |    12 |    66 |   102 |    66 |    22 ||   268
         Poisonous Vapours |       |       |     6 |   132 |   362 |    65 |    12 ||   577
         Iskenderun's Myst |       |       |       |    46 |   243 |    99 |    19 ||   407
         Teleport Other    |       |       |       |     5 |     3 |       |       ||     8
         Iron Shot         |       |       |       |       |     7 |   316 |   103 ||   426
         Silence           |       |       |       |       |     1 |       |       ||     1
 Invoke: Heroism           |       |       |       |     1 |    14 |    11 |       ||    26
         Finesse           |       |       |       |       |     4 |     5 |       ||     9
  Evoke: Wand              |       |       |       |    15 |     6 |    10 |       ||    31
         Phial of floods   |       |       |       |       |     2 |     3 |     1 ||     6
         Lightning rod     |       |       |       |       |       |    16 |       ||    16
         Condenser vane    |       |       |       |       |       |     3 |       ||     3
    Use: Scroll            |     2 |     1 |    10 |    21 |    19 |    21 |     6 ||    80
         Potion            |       |     2 |       |     4 |     6 |    17 |     1 ||    30
   Stab: Invisible         |       |     1 |       |       |     4 |       |       ||     5
 Armour: Robe              |     3 |    20 |    36 |    25 |       |       |       ||    84
         Steam dragon scal |       |       |       |    15 |       |       |       ||    15
         Ring mail         |       |       |       |   104 |   442 |   314 |    79 ||   939
  Dodge: Dodged            |     9 |    45 |    87 |   183 |   406 |   258 |    43 ||  1031
  Block: Buckler           |       |       |       |     1 |   287 |   223 |       ||   511
         Kite shield       |       |       |       |       |       |    11 |    76 ||    87

Table legend: (Time is in decaauts)
 A = Elapsed time spent in this place.
 B = Non-inter-level travel time spent in this place.
 C = Inter-level travel time spent in this place.
 D = Time resting spent in this place.
 E = Time spent auto-exploring this place.
 F = Levels seen in this place.
 G = Mean time per level.
                   A        B        C        D        E       F      G
               +--------+--------+--------+--------+--------+-----+--------+
         Total |  56533 |  53112 |   3421 |  27138 |  15939 |  32 | 1766.7 |
       Dungeon |  23252 |  21135 |   2117 |   8383 |   8825 |  15 | 1550.1 |
          Lair |  10988 |  10365 |    623 |   5019 |   3065 |   5 | 2197.6 |
         Swamp |   9124 |   8871 |    253 |   6104 |   1682 |   4 | 2281.0 |
   Spider Nest |    501 |    501 |      0 |    231 |     83 |   1 |  501.0 |
  Orcish Mines |   4950 |   4786 |    164 |   2979 |    858 |   2 | 2475.0 |
   Elven Halls |   6976 |   6713 |    263 |   4158 |   1410 |   3 | 2325.3 |
         Abyss |    740 |    740 |      0 |    262 |     16 |   2 |  370.0 |
               +--------+--------+--------+--------+--------+-----+--------+

Top non-repeatable levels by time:
 Swamp:3: 4093 daAuts
    D:10: 3865 daAuts
   Elf:1: 3014 daAuts
  Lair:5: 2850 daAuts
   Orc:2: 2712 daAuts
  Lair:3: 2654 daAuts
  Lair:2: 2522 daAuts
 Swamp:2: 2394 daAuts
   Orc:1: 2237 daAuts
   Elf:3: 2197 daAuts
    D:14: 2018 daAuts
   Elf:2: 1764 daAuts
     D:8: 1721 daAuts
     D:9: 1718 daAuts
    D:15: 1703 daAuts
